 Dungeon Crawl Stone Soup version 0.17-a0-1945-gfe993df (webtiles) character file.

443 Kusio the Spear-Bearer (level 6, -6/51 HPs)
             Began as a Minotaur Fighter on Oct 1, 2015.
             Was an Initiate of Okawaru.
             Mangled by Sigmund
             ... wielding a +8 scythe of venom
              (8 damage)
             ... on level 5 of the Dungeon.
             The game lasted 00:11:43 (2674 turns).

Kusio the Spear-Bearer (Minotaur Fighter)           Turns: 2674, Time: 00:11:43

Health: -6/51      AC:  3    Str: 21    XL:     6   Next: 71%
Magic:  5/5        EV:  9    Int:  5    God:    Okawaru [......]
Gold:   235        SH:  0    Dex: 11    Spells: 0 memorised, 5 levels left

rFire  + . .     SeeInvis .     a - +0 trident
rCold  . . .     Clarity  .     v - +0 robe of the Will of the Gods {rF+}
rNeg   . . .     SustAt   .     c - +0 shield
rPois  .         Gourm    .     o - +1 hat
rElec  .         Spirit   .     (no cloak)
rCorr  .         Warding  .     (no gloves)
rMut   .         Stasis   .     (no boots)
MR     .....                    (no amulet)
Stlth  +.........               (no ring)
                                (no ring)

@: confused, lethally poisoned (-6 -> -26), not resistant to hostile
enchantments, very unstealthy
A: retaliatory headbutt, horns 2
a: Renounce Religion


You were on level 5 of the Dungeon.
You worshipped Okawaru.
Okawaru was noncommittal.
You were hungry.

You visited 2 branches of the dungeon, and saw 6 of its levels.

You collected 235 gold pieces.

Inventory:

Hand weapons
 a - a +0 trident (weapon)
Armour
 b - a +0 scale mail
 c - a +0 shield (worn)
 o - a +1 hat (worn)
 v - the +0 robe of the Will of the Gods (worn) {rF+}
   (You found it on level 4 of the Dungeon)

   It protects you from fire.
Jewellery
 k - an uncursed amulet of regeneration {unknown}
Scrolls
 g - 2 scrolls of noise {unknown}
 h - a scroll of blinking {unknown}
 i - 5 scrolls of identify {unknown}
 m - a scroll of immolation {unknown}
 n - a scroll of magic mapping {unknown}
 p - a scroll of enchant armour {unknown}
 q - 2 scrolls of random uselessness {unknown}
 t - 3 scrolls of remove curse {unknown}
Potions
 d - 3 potions of might
 f - a potion of agility {unknown}
 j - 2 potions of invisibility {unknown}
 l - a potion of flight {unknown}
 u - 3 potions of curing {unknown}
Comestibles
 e - 2 bread rations
 r - a meat ration
 s - a slice of pizza


   Skills:
 - Level 3.6 Fighting
 + Level 8.8 Polearms
 - Level 3.6 Armour
 - Level 3.6 Shields


You had 5 spell levels left.
You didn't know any spells.

Dungeon Overview and Level Annotations

Branches:
Dungeon (5/15)             Temple (1/1) D:4

Altars:
Ashenzari
Cheibriados
Elyvilon
Fedhas
Gozag
Nemelex Xobeh
Okawaru
Qazlal
Ru
Sif Muna
Trog
Vehumet
Xom
Zin
The Shining One

Annotations:
D:5 Sigmund


Innate Abilities, Weirdness & Mutations

You reflexively headbutt those who attack you in melee.
You have a pair of horns on your head.


Message History

Sigmund hits you from afar with a scythe of venom!
You are poisoned.
You bump into the rock wall.
You feel sick.
You feel sick. Sigmund barely misses you.
You feel sick. Sigmund hits you but does no damage.
You feel sick.
You feel sick.
Sigmund points at you and mumbles some strange words.
The puff of flame hits you! You resist.
* * * LOW HITPOINT WARNING * * *
* * * LOW HITPOINT WARNING * * *
You feel sick.
Sigmund hits you with a scythe of venom.
* * * LOW HITPOINT WARNING * * *
You are more poisoned.
You're too confused to move!
* * * LOW HITPOINT WARNING * * *
You feel sick.
Sigmund hits you with a scythe of venom!
You die...

#.. #..#######
#.........
###..... ..#
.......###.#
.#####.....#<#
............##
###......@.#
#..##.@..#
...........#
####..###...#
.... ....# ##.
+##..# # #..%
.... #####


You could see Sigmund.

Vanquished Creatures
  3 scorpions (D:4)
  An orc priest (D:4)
  3 orc wizards (D:4)
  3 worker ants (D:4)
  5 adders
  3 giant geckos
  9 orcs (D:4)
  A ball python (D:4)
  4 giant cockroaches
  6 hobgoblins
  8 kobolds
  6 bats
  4 giant newts
  11 goblins
  4 jackals (D:2)
  2 quokkas
  5 rats
78 creatures vanquished.

Notes
Turn   | Place    | Note
--------------------------------------------------------------
     0 | D:1      | Kusio the Minotaur Fighter began the quest for the Orb.
     0 | D:1      | Reached XP level 1. HP: 19/19 MP: 0/0
    54 | D:1      | Reached XP level 2. HP: 20/26 MP: 1/1
   266 | D:1      | Reached skill level 4 in Polearms
   558 | D:1      | Reached XP level 3. HP: 29/31 MP: 2/2
   979 | D:2      | Found a shimmering altar of Xom.
  1030 | D:2      | Reached skill level 5 in Polearms
  1294 | D:3      | Reached XP level 4. HP: 33/39 MP: 3/3
  1328 | D:3      | You fall through a shaft!
  1381 | D:4      | Reached skill level 6 in Polearms
  1432 | D:4      | Reached XP level 5. HP: 24/45 MP: 4/4
  1448 | D:4      | Reached skill level 7 in Polearms
  1530 | D:4      | Found a glowing silver altar of Zin.
  1536 | D:4      | Got a twisted robe
  1547 | D:4      | Identified the +0 robe of the Will of the Gods {rF+} (You found it on level 4 of the Dungeon)
  1604 | D:4      | Reached XP level 6. HP: 9/51 MP: 5/5
  1702 | D:4      | Found a shattered altar of Ashenzari.
  1719 | D:4      | Found a staircase to the Ecumenical Temple.
  1739 | Temple   | Entered the Ecumenical Temple
  1914 | Temple   | Became a worshipper of Warmaster Okawaru
  2103 | D:4      | Reached skill level 8 in Polearms
  2445 | D:5      | Entered Level 5 of the Dungeon
  2445 | D:5      | Noticed Sigmund
  2674 | D:5      | HP: 2/51 [poisoned by Sigmund]
  2674 | D:5      | Mangled by Sigmund

Vault maps used:
D:1:      minmay_arrival_four_houses, kennysheep_decorative_pillar,
          due_unseen_surprise
D:2:      lemuel_round_altar, first_bread
D:4:      kennysheep_mini, ashenzari_altar_1, roderic_lattice_a,
          minmay_small_thing
D:5:      yredelemnul_altar_generic, trog_three_pillars_becter, uniq_sigmund,
          uniq_prince_ribbit1
Temple:   circular_temple_12

Action                   |  1- 3 |  4- 6 || total
-------------------------+-------+-------++-------
Melee: Trident           |   141 |   102 ||   243
 Stab: Sleeping          |       |     2 ||     2
  Eat: Chunk             |     1 |     4 ||     5
